[Event "28th CRO-chT 1A-Men 2019"]
[Site "Mali Losinj"]
[Date "2019.10.02"]
[Round "5.3"]
[White "Biti, Ozren"]
[Black "Lalic, Bogdan"]
[Result "1/2-1/2"]
[ECO "C47"]
[WhiteElo "2366"]
[BlackElo "2419"]
[Annotator "NA"]
[PlyCount "29"]
[EventDate "2019.09.28"]
[EventType "team-tourn"]
[EventCountry "CRO"]
[SourceTitle "playchess.com"]
[Source "ChessBase"]
[SourceQuality "1"]
[TimeControl "40/5400+30:1800+30"]

1. e4 e5 2. Nf3 Nc6 3. Nc3 Nf6 4. d4 exd4 5. Nxd4 Bb4 6. Nxc6 bxc6 7. Bd3 d5 8. exd5 cxd5 9. O-O O-O 10. Bg5 c6 11. Qf3 h6 12. Bxf6 Qxf6 13. Qxf6 gxf6 14. Ne2 Bd6 15. Ng3 1/2-1/2

[Event "28th CRO-chT 1A-Men 2019"]
[Site "Mali Losinj"]
[Date "2019.10.02"]
[Round "5.4"]
[White "Loncar, Robert"]
[Black "Ascic, Pero"]
[Result "0-1"]
[ECO "D37"]
[WhiteElo "2406"]
[BlackElo "2318"]
[Annotator "NA"]
[PlyCount "140"]
[EventDate "2019.09.28"]
[EventType "team-tourn"]
[EventCountry "CRO"]
[SourceTitle "playchess.com"]
[Source "ChessBase"]
[SourceQuality "1"]
[TimeControl "40/5400+30:1800+30"]

1. d4 d5 2. c4 e6 3. Nf3 Be7 4. Nc3 Nf6 5. Bf4 a6 6. c5 O-O 7. e3 b6 8. cxb6 cxb6 9. Bd3 Bb7 10. O-O Nc6 11. Rc1 b5 12. h3 Rc8 13. Bb1 Re8 14. Qe2 Qb6 15. Rfd1 Red8 16. Bg5 h6 17. Bh4 Nd7 18. Bg3 Nf6 19. a3 Na5 20. Bh4 Nb3 21. Rc2 Na1 22. Rcd2 Nb3 23. Rd3 Na5 24. Ne5 Qd6 25. Bg3 Qb6 26. Bh4 Qd6 27. Bxf6 Bxf6 28. f4 Nc4 29. Rf1 Qe7 30. g4 Nd6 31. Rd2 Rc7 32. Qf3 a5 33. Rg2 b4 34. axb4 axb4 35. Na4 Ne4 36. Qe2 Ra8 37. Bxe4 dxe4 38. Nc5 Rxc5 39. dxc5 Bxe5 40. fxe5 Ba6 41. Ra1 Bxe2 42. Rxa8+ Kh7 43. Rxe2 Qxc5 44. Kg2 Qxe5 45. Ra7 Kg6 46. Rf2 f6 47. Rd7 h5 48. gxh5+ Qxh5 49. Kh2 Qe5+ 50. Kh1 Kh6 51. Rg2 f5 52. Rb7 g5 53. Rxb4 Qc5 54. Rb8 Qc1+ 55. Rg1 Qxe3 56. Rg2 Kg6 57. b4 Qxh3+ 58. Kg1 Qe3+ 59. Kh1 g4 60. Rg8+ Kf7 61. Rh8 Qe1+ 62. Kh2 Qxb4 63. Rh7+ Kf6 64. Rc2 e3 65. Kg3 Qd6+ 66. Kh4 Qd3 67. Rc5 Qd6 68. Rc2 Qd1 69. Rcc7 e2 70. Rhf7+ Ke5 0-1

[Event "28th CRO-chT 1A-Men 2019"]
[Site "Mali Losinj"]
[Date "2019.10.02"]
[Round "5.5"]
[White "Filipovic, Marko"]
[Black "Sale, Srdjan"]
[Result "0-1"]
[ECO "D02"]
[WhiteElo "2349"]
[BlackElo "2412"]
[Annotator "NA RC"]
[PlyCount "88"]
[EventDate "2019.09.28"]
[EventType "team-tourn"]
[EventCountry "CRO"]
[SourceTitle "playchess.com"]
[Source "ChessBase"]
[SourceQuality "1"]
[TimeControl "40/5400+30:1800+30"]

1. d4 Nf6 2. Nf3 c5 3. g3 cxd4 4. Nxd4 e5 5. Nf3 Nc6 6. Bg2 d5 7. O-O Be7 8. c4 d4 9. b4 Qc7 10. Qa4 Nd7 11. c5 a5 12. a3 Qb8 13. b5 Nxc5 14. Qc2 Nd8 15. Nbd2 Be6 16. Nc4 Nd7 17. Ng5 Bxg5 18. Bxg5 Qc7 19. Rac1 O-O 20. Be7 Re8 21. Bd6 Qxc4 22. Qxc4 Bxc4 23. Rxc4 Nb6 24. Rcc1 Na4 25. Rfe1 Nc3 26. b6 e4 27. Bh3 Ne6 28. Bc7 g6 29. e3 Ng5 30. Bg2 Nf3+ 31. Bxf3 exf3 32. Kf1 Ne2 33. Rcd1 dxe3 34. Rd3 Re4 35. fxe3 g5 36. Kf2 g4 37. Red1 f6 38. Rd7 Rae8 39. R7d3 Kf7 40. h3 h5 41. Bd8 Kg6 42. Rd6 R8e6 43. hxg4 hxg4 44. R1d3 Rxe3 0-1

[Event "28th CRO-chT 1A-Men 2019"]
[Site "Mali Losinj"]
[Date "2019.10.02"]
[Round "5.7"]
[White "Grachev, Boris"]
[Black "Georgiev, Kiril"]
[Result "1/2-1/2"]
[ECO "E07"]
[WhiteElo "2621"]
[BlackElo "2577"]
[Annotator "ChessBase"]
[PlyCount "45"]
[EventDate "2019.09.28"]
[EventType "team-tourn"]
[EventCountry "CRO"]
[SourceTitle "playchess.com"]
[Source "ChessBase"]
[SourceQuality "1"]
[TimeControl "40/5400+30:1800+30"]

1. Nf3 Nf6 2. c4 e6 3. Nc3 d5 4. d4 Be7 5. g3 O-O 6. Bg2 c6 7. O-O Nbd7 8. b3 b6 9. Bb2 Bb7 10. Qd3 c5 11. cxd5 Nxd5 12. Nxd5 Bxd5 13. e4 Bb7 14. Rfd1 cxd4 15. Nxd4 Nf6 16. Qe2 Qe8 17. Nb5 Ba6 18. a4 Rd8 19. h3 Rxd1+ 20. Rxd1 Qc8 21. Rc1 Qd7 22. Rd1 Qc8 23. Rc1 1/2-1/2

[Event "28th CRO-chT 1A-Men 2019"]
[Site "Mali Losinj"]
[Date "2019.10.02"]
[Round "5.10"]
[White "Zovko, Mario"]
[Black "Tica, Sven"]
[Result "1-0"]
[ECO "B12"]
[WhiteElo "2324"]
[BlackElo "2418"]
[Annotator "NA"]
[PlyCount "47"]
[EventDate "2019.09.28"]
[EventType "team-tourn"]
[EventCountry "CRO"]
[SourceTitle "playchess.com"]
[Source "ChessBase"]
[SourceQuality "1"]
[TimeControl "40/5400+30:1800+30"]

1. e4 c6 2. d4 d5 3. e5 Bf5 4. Nd2 e6 5. Nb3 Nd7 6. Nf3 h6 7. Be2 Ne7 8. O-O Bh7 9. a4 Nf5 10. c3 g5 11. a5 Qc7 12. Bd2 Bg7 13. Ne1 O-O-O 14. Nd3 f6 15. Nbc5 Nxc5 16. Nxc5 Rde8 17. exf6 Bxf6 18. Bd3 e5 19. Bxf5+ Bxf5 20. Qf3 Bc2 21. Rfc1 Qh7 22. Qxf6 Rhf8 23. Qd6 Qf5 24. a6 1-0

[Event "28th CRO-chT 1A-Men 2019"]
[Site "Mali Losinj"]
[Date "2019.10.02"]
[Round "5.13"]
[White "Ponkratov, Pavel"]
[Black "Fedorchuk, Sergey A."]
[Result "1/2-1/2"]
[ECO "E39"]
[WhiteElo "2621"]
[BlackElo "2619"]
[Annotator "ChessBase"]
[PlyCount "33"]
[EventDate "2019.09.28"]
[EventType "team-tourn"]
[EventCountry "CRO"]
[SourceTitle "playchess.com"]
[Source "ChessBase"]
[SourceQuality "1"]
[TimeControl "40/5400+30:1800+30"]

1. d4 Nf6 2. c4 e6 3. Nc3 Bb4 4. Qc2 c5 5. dxc5 O-O 6. Nf3 Na6 7. g3 Nxc5 8. Bd2 Bxc3 9. Bxc3 Nce4 10. Bg2 Nxc3 11. Qxc3 b6 12. Nd4 Rb8 13. O-O Bb7 14. Qa3 Bxg2 15. Kxg2 Qc7 16. Rac1 Qc5 17. Qd3 1/2-1/2

[Event "28th CRO-chT 1A-Men 2019"]
[Site "Mali Losinj"]
[Date "2019.10.02"]
[Round "5.15"]
[White "Cvitan, Ognjen"]
[Black "Plat, Vojtech"]
[Result "1/2-1/2"]
[ECO "C41"]
[WhiteElo "2490"]
[BlackElo "2573"]
[Annotator "ChessBase"]
[PlyCount "28"]
[EventDate "2019.09.28"]
[EventType "team-tourn"]
[EventCountry "CRO"]
[SourceTitle "playchess.com"]
[Source "ChessBase"]
[SourceQuality "1"]
[TimeControl "40/5400+30:1800+30"]

1. d4 d6 2. e4 Nf6 3. Nc3 e5 4. Nf3 Nbd7 5. Bc4 Be7 6. O-O O-O 7. Re1 c6 8. a4 a5 9. h3 Nb6 10. Bb3 Nfd7 11. Be3 exd4 12. Nxd4 Nc5 13. Qf3 Nxb3 14. cxb3 Re8 1/2-1/2

[Event "28th CRO-chT 1A-Men 2019"]
[Site "Mali Losinj"]
[Date "2019.10.02"]
[Round "5.16"]
[White "Blazeka, Matej"]
[Black "Kurajica, Bojan"]
[Result "1/2-1/2"]
[ECO "B44"]
[WhiteElo "2385"]
[BlackElo "2494"]
[Annotator "ChessBase"]
[PlyCount "29"]
[EventDate "2019.09.28"]
[EventType "team-tourn"]
[EventCountry "CRO"]
[SourceTitle "playchess.com"]
[Source "ChessBase"]
[SourceQuality "1"]
[TimeControl "40/5400+30:1800+30"]

1. e4 c5 2. Nf3 e6 3. c4 Nf6 4. Nc3 Nc6 5. d4 cxd4 6. Nxd4 Bb4 7. Nxc6 dxc6 8. Qxd8+ Kxd8 9. e5 Ne4 10. a3 Bxc3+ 11. bxc3 b6 12. Be3 Ba6 13. f3 Nc5 14. Bxc5 bxc5 15. O-O-O+ 1/2-1/2

[Event "28th CRO-chT 1A-Men 2019"]
[Site "Mali Losinj"]
[Date "2019.10.02"]
[Round "5.17"]
[White "Rogic, Davor"]
[Black "Rogulj, Branko"]
[Result "1/2-1/2"]
[ECO "C62"]
[WhiteElo "2492"]
[BlackElo "2394"]
[Annotator "ChessBase"]
[PlyCount "54"]
[EventDate "2019.09.28"]
[EventType "team-tourn"]
[EventCountry "CRO"]
[SourceTitle "playchess.com"]
[Source "ChessBase"]
[SourceQuality "1"]
[TimeControl "40/5400+30:1800+30"]

1. e4 e5 2. Nf3 Nc6 3. Bb5 Nf6 4. d4 exd4 5. O-O d6 6. Nxd4 Bd7 7. Bxc6 bxc6 8. Re1 Be7 9. c4 O-O 10. Nc3 Re8 11. h3 Bf8 12. Bf4 g6 13. Qd3 Bg7 14. Rad1 c5 15. Nf3 Qb8 16. b3 Nh5 17. Bh2 Bc6 18. Nd5 Nf6 19. Nxf6+ Bxf6 20. e5 dxe5 21. Nxe5 Qb7 22. Nxc6 Qxc6 23. Bf4 Bd4 24. Qg3 Rxe1+ 25. Rxe1 Re8 26. Rxe8+ Qxe8 27. Be3 Bxe3 1/2-1/2

[Event "28th CRO-chT 1A-Men 2019"]
[Site "Mali Losinj"]
[Date "2019.10.02"]
[Round "5.23"]
[White "Bobanac, Miro"]
[Black "Mrkonjic, Nenad"]
[Result "1-0"]
[ECO "A13"]
[WhiteElo "2257"]
[BlackElo "2347"]
[Annotator "NA"]
[PlyCount "97"]
[EventDate "2019.09.28"]
[EventType "team-tourn"]
[EventCountry "CRO"]
[SourceTitle "playchess.com"]
[Source "ChessBase"]
[SourceQuality "1"]
[TimeControl "40/5400+30:1800+30"]

1. Nf3 d5 2. e3 Nf6 3. c4 e6 4. b3 Be7 5. Bb2 O-O 6. Be2 c5 7. O-O Nc6 8. d4 cxd4 9. Nxd4 Nxd4 10. exd4 b6 11. Bf3 Bb7 12. Nd2 Rc8 13. a3 Qd7 14. Qe2 Rc7 15. Rfc1 Rfc8 16. Rc2 Bd6 17. Rac1 a5 18. Qe3 Qe7 19. a4 Bb4 20. Bc3 Ba3 21. Re1 Qd7 22. Ra2 Bd6 23. g3 Ba6 24. Be2 dxc4 25. bxc4 Bb7 26. Bf3 Nd5 27. Bxd5 exd5 28. c5 Bf8 29. Nf3 bxc5 30. Bxa5 cxd4 31. Qxd4 Rc4 32. Ne5 Qh3 33. Qa7 R4c7 34. Bxc7 Rxc7 35. Rb2 Qc8 36. Reb1 Ba6 37. Qe3 Re7 38. Rb8 Qc7 39. Qb6 Qxe5 40. Qxa6 Re8 41. Rxe8 Qxe8 42. Qb5 Qe4 43. Rd1 g6 44. a5 d4 45. a6 Qc2 46. Qb1 Qc7 47. Qb7 Qc2 48. Rxd4 Bc5 49. a7 1-0

[Event "28th CRO-chT 1A-Men 2019"]
[Site "Mali Losinj"]
[Date "2019.10.02"]
[Round "5.24"]
[White "Feletar, Darko"]
[Black "Brulic, Denis"]
[Result "1-0"]
[ECO "E08"]
[WhiteElo "2356"]
[BlackElo "2230"]
[Annotator "NA"]
[PlyCount "85"]
[EventDate "2019.09.28"]
[EventType "team-tourn"]
[EventCountry "CRO"]
[SourceTitle "playchess.com"]
[Source "ChessBase"]
[SourceQuality "1"]
[TimeControl "40/5400+30:1800+30"]

1. Nf3 Nf6 2. c4 e6 3. g3 d5 4. Bg2 Nbd7 5. b3 c6 6. O-O Bd6 7. d4 Ne4 8. Qc2 O-O 9. Ba3 Bxa3 10. Nxa3 Qe7 11. Nb1 b6 12. Nbd2 Nxd2 13. Nxd2 Ba6 14. e4 Rac8 15. Rfe1 Qf6 16. Qb2 Bb7 17. Rad1 Rfd8 18. b4 Rc7 19. Rc1 Rdc8 20. Rc2 Qd8 21. Rec1 Nf6 22. e5 Ne8 23. c5 Ba6 24. Qb3 Rb7 25. a3 Be2 26. Qe3 Bb5 27. Bf1 Bxf1 28. Kxf1 a5 29. Nb3 axb4 30. axb4 bxc5 31. Na5 Rxb4 32. Rxc5 Rb5 33. Nxc6 Rxc5 34. Rxc5 Qd7 35. Ne7+ Qxe7 36. Rxc8 f6 37. Qc3 fxe5 38. dxe5 Qd7 39. Qc5 Kf7 40. Ra8 Kg6 41. Ra7 Qd8 42. Qf8 Qc8 43. Rxg7+ 1-0

[Event "28th CRO-chT 1A-Men 2019"]
[Site "Mali Losinj"]
[Date "2019.10.02"]
[Round "5.27"]
[White "Stevic, Hrvoje"]
[Black "Markus, Robert"]
[Result "1/2-1/2"]
[ECO "C02"]
[WhiteElo "2570"]
[BlackElo "2599"]
[Annotator "ChessBase"]
[PlyCount "74"]
[EventDate "2019.09.28"]
[EventType "team-tourn"]
[EventCountry "CRO"]
[SourceTitle "playchess.com"]
[Source "ChessBase"]
[SourceQuality "1"]
[TimeControl "40/5400+30:1800+30"]

1. e4 e6 2. d4 d5 3. e5 c5 4. c3 Nc6 5. Nf3 Qb6 6. a3 Nh6 7. b4 cxd4 8. cxd4 Nf5 9. Be3 Be7 10. Bd3 Nxe3 11. fxe3 f6 12. exf6 Bxf6 13. Nc3 g6 14. O-O O-O 15. Rc1 Bd7 16. Na4 Qd8 17. Nc5 Bc8 18. Rf2 Ne7 19. Qe1 b6 20. Na6 Bxa6 21. Bxa6 Qd7 22. Rfc2 Qa4 23. Bb7 Rab8 24. Bc6 Nxc6 25. Rxc6 Qxa3 26. Rxe6 Rbe8 27. Ra1 Qd3 28. Ne5 Qe4 29. Rxe8 Rxe8 30. Qc3 Bxe5 31. dxe5 Rxe5 32. Rxa7 Qxe3+ 33. Qxe3 Rxe3 34. Rb7 d4 35. Rxb6 d3 36. Rd6 Re4 37. Rxd3 Rxb4 1/2-1/2

[Event "28th CRO-chT 1A-Men 2019"]
[Site "Mali Losinj"]
[Date "2019.10.02"]
[Round "5.28"]
[White "Kuljasevic, Davorin"]
[Black "Kozul, Zdenko"]
[Result "0-1"]
[ECO "E90"]
[WhiteElo "2550"]
[BlackElo "2581"]
[Annotator "ChessBase"]
[PlyCount "126"]
[EventDate "2019.09.28"]
[EventType "team-tourn"]
[EventCountry "CRO"]
[SourceTitle "playchess.com"]
[Source "ChessBase"]
[SourceQuality "1"]
[TimeControl "40/5400+30:1800+30"]

1. d4 Nf6 2. c4 g6 3. Nc3 Bg7 4. e4 d6 5. h3 O-O 6. Be3 c6 7. Nf3 Na6 8. Rc1 e5 9. d5 Nc5 10. Nd2 a5 11. g4 a4 12. Be2 Qa5 13. Kf1 Ne8 14. a3 Bf6 15. h4 Bd8 16. g5 Bb6 17. h5 Ba7 18. Na2 cxd5 19. cxd5 Qd8 20. Rc3 Ng7 21. Kg2 Bd7 22. Qg1 Be8 23. h6 Nh5 24. Bxh5 gxh5 25. Kh2 Kh8 26. f4 f6 27. gxf6 Rg8 28. Qf2 Qxf6 29. fxe5 Qxe5+ 30. Bf4 Qf6 31. Be3 Nd7 32. Qxf6+ Nxf6 33. Bxa7 Rxa7 34. Rf1 Ng4+ 35. Kh1 b5 36. Rcf3 Nxh6 37. Rf6 Ng4 38. Rxd6 Rag7 39. Nf3 Rf7 40. Rd8 Rf4 41. Nc3 Ne3 42. Rg1 Rgf8 43. Rg3 h4 44. Rh3 Ng4 45. Kg1 Rg8 46. Rxe8 Rxe8 47. Nxh4 Ne5 48. Nf5 Rg8+ 49. Rg3 Rxg3+ 50. Nxg3 Rf3 51. Nge2 Rd3 52. Nxb5 Rb3 53. Nbd4 Rxb2 54. Nc3 h5 55. Nf5 Rc2 56. Nb5 Ra2 57. d6 Kg8 58. Kf1 Kf7 59. Ke1 Rh2 60. Nc3 h4 61. Kf1 h3 62. Ne2 Rh1+ 63. Kf2 Ra1 0-1

[Event "28th CRO-chT 1A-Men 2019"]
[Site "Mali Losinj"]
[Date "2019.10.03"]
[Round "6.3"]
[White "Lalic, Bogdan"]
[Black "Markus, Robert"]
[Result "1/2-1/2"]
[ECO "E94"]
[WhiteElo "2419"]
[BlackElo "2599"]
[Annotator "ChessBase"]
[PlyCount "32"]
[EventDate "2019.09.28"]
[EventType "team-tourn"]
[EventCountry "CRO"]
[SourceTitle "playchess.com"]
[Source "ChessBase"]
[SourceQuality "1"]
[TimeControl "40/5400+30:1800+30"]

1. d4 Nf6 2. c4 d6 3. Nf3 Nbd7 4. Nc3 e5 5. e4 g6 6. Be2 Bg7 7. O-O O-O 8. Be3 c6 9. Qc2 Qe7 10. Rad1 Re8 11. d5 c5 12. Ne1 Nf8 13. Nd3 Ng4 14. Bd2 f5 15. Bxg4 fxg4 16. Qc1 Nd7 1/2-1/2

[Event "28th CRO-chT 1A-Men 2019"]
[Site "Mali Losinj"]
[Date "2019.10.03"]
[Round "6.9"]
[White "Leventic, Ivan"]
[Black "Stevic, Hrvoje"]
[Result "1/2-1/2"]
[ECO "C70"]
[WhiteElo "2388"]
[BlackElo "2570"]
[Annotator "ChessBase"]
[PlyCount "27"]
[EventDate "2019.09.28"]
[EventType "team-tourn"]
[EventCountry "CRO"]
[SourceTitle "playchess.com"]
[Source "ChessBase"]
[SourceQuality "1"]
[TimeControl "40/5400+30:1800+30"]

1. e4 e5 2. Nf3 Nc6 3. Bb5 a6 4. Ba4 b5 5. Bb3 Na5 6. O-O d6 7. d4 exd4 8. Nxd4 Bb7 9. c4 c5 10. Nf3 Nf6 11. Nc3 Be7 12. Re1 O-O 13. Qd3 Re8 14. Bf4 1/2-1/2

[Event "28th CRO-chT 1A-Men 2019"]
[Site "Mali Losinj"]
[Date "2019.10.03"]
[Round "6.16"]
[White "Plenca, Julijan"]
[Black "Blazeka, Matej"]
[Result "1-0"]
[ECO "C43"]
[WhiteElo "2423"]
[BlackElo "2385"]
[Annotator "NA"]
[PlyCount "83"]
[EventDate "2019.09.28"]
[EventType "team-tourn"]
[EventCountry "CRO"]
[SourceTitle "playchess.com"]
[Source "ChessBase"]
[SourceQuality "1"]
[TimeControl "40/5400+30:1800+30"]

1. e4 e5 2. Nf3 Nf6 3. d4 Nxe4 4. Bd3 d5 5. dxe5 Nc6 6. Nbd2 Nxd2 7. Bxd2 Bg4 8. Bb5 Be7 9. h3 Bh5 10. g4 Bg6 11. Nd4 Qd7 12. c3 O-O 13. Qa4 Bc5 14. Bxc6 bxc6 15. Qxc6 Qxc6 16. Nxc6 Rae8 17. b4 Re6 18. bxc5 Rxc6 19. Be3 Re8 20. f4 f6 21. Bd4 fxe5 22. fxe5 Kf7 23. O-O+ Ke6 24. Rf2 Rb8 25. Kh2 Ra6 26. Raf1 Ra3 27. Rd1 Ra5 28. h4 h6 29. h5 Be4 30. Rdd2 Rab5 31. Kg3 Rb1 32. Rf4 c6 33. c4 Rh1 34. cxd5+ Bxd5 35. Be3 Ke7 36. e6 Bxe6 37. Bd4 Rf8 38. Re4 Re8 39. Rb2 Rd8 40. Rbe2 Kf8 41. Rxe6 Rxd4 42. Rf2+ 1-0

[Event "28th CRO-chT 1A-Men 2019"]
[Site "Mali Losinj"]
[Date "2019.10.03"]
[Round "6.18"]
[White "Tomas, Ante"]
[Black "Brumen, Dinko"]
[Result "0-1"]
[ECO "A04"]
[WhiteElo "2161"]
[BlackElo "2317"]
[Annotator "NA"]
[PlyCount "86"]
[EventDate "2019.09.28"]
[EventType "team-tourn"]
[EventCountry "CRO"]
[SourceTitle "playchess.com"]
[Source "ChessBase"]
[SourceQuality "1"]
[TimeControl "40/5400+30:1800+30"]

1. e4 e6 2. d3 c5 3. Nd2 Nc6 4. Ngf3 Nge7 5. g3 g6 6. Bg2 Bg7 7. O-O O-O 8. Re1 d6 9. c3 b5 10. Nf1 a5 11. d4 b4 12. e5 Bb7 13. exd6 Qxd6 14. Bf4 Qd8 15. Ne5 cxd4 16. cxd4 Nd5 17. Nxc6 Bxc6 18. Be5 Bh6 19. Qg4 Re8 20. Qh3 Bf8 21. Ne3 Nxe3 22. Bxc6 Nc2 23. Bxe8 Qxe8 24. Qh4 Be7 25. Qh6 f6 26. Bf4 Nxd4 27. Qh3 e5 28. Qg2 Rd8 29. Qe4 f5 30. Qe3 exf4 31. Qxe7 Nf3+ 32. Kf1 Nxe1 33. Rxe1 Qxe7 34. Rxe7 Rd2 35. Ra7 f3 36. Ke1 Re2+ 37. Kd1 Rxb2 38. Rxa5 Rxf2 39. Ra4 Rb2 40. Ke1 Kg7 41. a3 b3 42. Rb4 Rb1+ 43. Kf2 b2 0-1

[Event "28th CRO-chT 1A-Men 2019"]
[Site "Mali Losinj"]
[Date "2019.10.03"]
[Round "6.23"]
[White "Sindik, Ervin"]
[Black "Rogic, Davor"]
[Result "1/2-1/2"]
[ECO "C95"]
[WhiteElo "2283"]
[BlackElo "2492"]
[Annotator "RC"]
[PlyCount "57"]
[EventDate "2019.09.28"]
[EventType "team-tourn"]
[EventCountry "CRO"]
[SourceTitle "playchess.com"]
[Source "ChessBase"]
[SourceQuality "1"]
[TimeControl "40/5400+30:1800+30"]

1. e4 e5 2. Nf3 Nc6 3. Bb5 a6 4. Ba4 Nf6 5. O-O Be7 6. Re1 b5 7. Bb3 d6 8. c3 O-O 9. h3 Nb8 10. d4 Nbd7 11. c4 c6 12. Nc3 Bb7 13. a3 h6 14. Ba2 Qc7 15. Qc2 a5 16. cxb5 cxb5 17. Qb3 b4 18. axb4 axb4 19. Qxb4 Nxe4 20. Nxe4 Bxe4 21. Rxe4 d5 22. Qxe7 Rxa2 23. Rxa2 dxe4 24. Bxh6 gxh6 25. Nxe5 Qc1+ 26. Kh2 Qf4+ 27. Kg1 Qc1+ 28. Kh2 Qf4+ 29. Kg1 1/2-1/2

[Event "28th CRO-chT 1A-Men 2019"]
[Site "Mali Losinj"]
[Date "2019.10.03"]
[Round "6.24"]
[White "Muse, Mladen"]
[Black "Jukic, Zdenko"]
[Result "1/2-1/2"]
[ECO "D02"]
[WhiteElo "2387"]
[BlackElo "2305"]
[Annotator "NA"]
[PlyCount "87"]
[EventDate "2019.09.28"]
[EventType "team-tourn"]
[EventCountry "CRO"]
[SourceTitle "playchess.com"]
[Source "ChessBase"]
[SourceQuality "1"]
[TimeControl "40/5400+30:1800+30"]

1. Nf3 d5 2. g3 Bf5 3. Bg2 Nc6 4. d4 Qd7 5. O-O O-O-O 6. c3 f6 7. b4 g5 8. Nbd2 h5 9. h4 g4 10. Ne1 e5 11. Nb3 Nge7 12. Nc5 Qe8 13. Qa4 a6 14. b5 Nb8 15. c4 axb5 16. Qa8 Qc6 17. cxd5 Nxd5 18. e4 exd4 19. Nb3 Nb6 20. Qa7 Bxe4 21. Na5 Bxg2 22. Nxg2 Qd5 23. Nf4 Qe4 24. Bd2 Nc4 25. Rfe1 Qf3 26. Ne6 Bd6 27. Nxc4 bxc4 28. Nxd8 Rxd8 29. Qxd4 Be5 30. Qxc4 Rxd2 31. Qe6+ Kd8 32. Qg8+ Ke7 33. Rxe5+ fxe5 34. Qg5+ Ke6 35. Qxd2 Nc6 36. Re1 Qf7 37. Qb2 Kf6 38. Qxb7 Nd4 39. Qa6+ c6 40. Re3 Qd5 41. Qd3 Qxa2 42. Qh7 Nf3+ 43. Rxf3+ gxf3 44. Qh6+ 1/2-1/2

[Event "28th CRO-chT 1A-Men 2019"]
[Site "Mali Losinj"]
[Date "2019.10.03"]
[Round "6.26"]
[White "Bosiocic, Marin"]
[Black "Biti, Ozren"]
[Result "1-0"]
[ECO "C41"]
[WhiteElo "2619"]
[BlackElo "2366"]
[Annotator "ChessBase"]
[PlyCount "97"]
[EventDate "2019.09.28"]
[EventType "team-tourn"]
[EventCountry "CRO"]
[SourceTitle "playchess.com"]
[Source "ChessBase"]
[SourceQuality "1"]
[TimeControl "40/5400+30:1800+30"]

1. e4 d6 2. d4 Nf6 3. Nc3 e5 4. Nf3 Nbd7 5. Bc4 Be7 6. O-O O-O 7. a4 a5 8. h3 c6 9. Re1 exd4 10. Qxd4 Nb6 11. Ba2 d5 12. exd5 Nfxd5 13. Bxd5 Nxd5 14. Nxd5 cxd5 15. Bf4 Bf5 16. c3 Be4 17. Nd2 Bg6 18. Nf1 Rc8 19. Qa7 Bc5 20. Qxb7 d4 21. Be5 f6 22. Bxd4 Rb8 23. Qf3 Bxd4 24. Rad1 Bxf2+ 25. Qxf2 Qb6 26. Rd2 Qxf2+ 27. Kxf2 Rfe8 28. Rxe8+ Bxe8 29. Ne3 Bxa4 30. Nc4 Rb5 31. Rd8+ Kf7 32. Ra8 Rf5+ 33. Kg1 Rc5 34. Nxa5 Bc2 35. Ra7+ Kg6 36. c4 Rg5 37. Kf2 Be4 38. g3 Rf5+ 39. Ke3 Bg2 40. b4 Rf3+ 41. Kd4 Rxg3 42. b5 f5 43. c5 Bf1 44. b6 Rd3+ 45. Ke5 Re3+ 46. Kd6 Rd3+ 47. Kc7 Bg2 48. c6 f4 49. Ra8 1-0

[Event "28th CRO-chT 1A-Men 2019"]
[Site "Mali Losinj"]
[Date "2019.10.03"]
[Round "6.27"]
[White "Ascic, Pero"]
[Black "Popov, Ivan"]
[Result "0-1"]
[ECO "B01"]
[WhiteElo "2318"]
[BlackElo "2611"]
[Annotator "ChessBase"]
[PlyCount "113"]
[EventDate "2019.09.28"]
[EventType "team-tourn"]
[EventCountry "CRO"]
[SourceTitle "playchess.com"]
[Source "ChessBase"]
[SourceQuality "1"]
[TimeControl "40/5400+30:1800+30"]

1. e4 d5 2. exd5 Qxd5 3. Nc3 Qa5 4. d4 Nf6 5. Bc4 c6 6. Nge2 Bf5 7. Ng3 Bg6 8. O-O e6 9. Nce2 Nbd7 10. c3 Bd6 11. Bf4 Be7 12. Re1 O-O 13. Bd3 c5 14. Bxg6 hxg6 15. dxc5 Qxc5 16. Be3 Qc7 17. Nd4 a6 18. Qe2 Nc5 19. Nf3 Nd5 20. Red1 Nxe3 21. Qxe3 Na4 22. Qe2 Rfd8 23. Qc2 b5 24. Ne4 Qf4 25. b3 Nb6 26. Qe2 Qc7 27. g3 Rd5 28. Rac1 Rad8 29. h4 Bf6 30. Nxf6+ gxf6 31. Rxd5 Rxd5 32. c4 bxc4 33. bxc4 Rc5 34. Nd2 Kg7 35. Qd3 Nd7 36. Nf3 Rc6 37. Qe2 Rd6 38. Qe3 Nc5 39. Nd4 e5 40. Nb3 Ne6 41. c5 Rd5 42. Qc3 Qc6 43. Qb4 Rd3 44. Qc4 Rd8 45. Qe2 Rb8 46. Rd1 a5 47. Rd6 Qc7 48. Qc4 Rc8 49. Ra6 Nxc5 50. Rxa5 Ne6 51. Qxc7 Rxc7 52. Rd5 Rc2 53. Rd2 Rc4 54. Kf1 f5 55. a3 f4 56. Kg2 f3+ 57. Kf1 0-1

[Event "28th CRO-chT 1A-Men 2019"]
[Site "Mali Losinj"]
[Date "2019.10.03"]
[Round "6.28"]
[White "Tica, Sven"]
[Black "Filipovic, Marko"]
[Result "1-0"]
[ECO "D94"]
[WhiteElo "2418"]
[BlackElo "2349"]
[Annotator "NA"]
[PlyCount "67"]
[EventDate "2019.09.28"]
[EventType "team-tourn"]
[EventCountry "CRO"]
[SourceTitle "playchess.com"]
[Source "ChessBase"]
[SourceQuality "1"]
[TimeControl "40/5400+30:1800+30"]

1. d4 d5 2. c4 c6 3. Nf3 Nf6 4. e3 g6 5. Nc3 Bg7 6. Be2 O-O 7. O-O a6 8. a4 Nbd7 9. cxd5 Nxd5 10. e4 Nxc3 11. bxc3 c5 12. a5 cxd4 13. cxd4 Nb8 14. Be3 Nc6 15. Qd2 h6 16. Ra4 Bg4 17. d5 Bxf3 18. Bxf3 Ne5 19. Be2 g5 20. h4 gxh4 21. Bxh6 Qd6 22. Bxg7 Kxg7 23. f4 Nd7 24. e5 Qc5+ 25. Kh2 Rh8 26. Rc4 Qa3 27. Rf3 Qa1 28. Rc1 Qa4 29. Bd1 Qe4 30. Bc2 Qc4 31. Bf5 Qa4 32. Rc7 Rad8 33. Qb2 Kg8 34. Bxd7 1-0

[Event "28th CRO-chT 1A-Men 2019"]
[Site "Mali Losinj"]
[Date "2019.10.03"]
[Round "6.29"]
[White "Drmic, Tomislav"]
[Black "Golubovic, Boris"]
[Result "1/2-1/2"]
[ECO "A45"]
[WhiteElo "2224"]
[BlackElo "2401"]
[Annotator "NA"]
[PlyCount "98"]
[EventDate "2019.09.28"]
[EventType "team-tourn"]
[EventCountry "CRO"]
[SourceTitle "playchess.com"]
[Source "ChessBase"]
[SourceQuality "1"]
[TimeControl "40/5400+30:1800+30"]

1. d4 Nf6 2. Bf4 b6 3. Nc3 Bb7 4. f3 d5 5. e3 e6 6. Nb5 Na6 7. a3 c6 8. Nc3 Nh5 9. Be5 f6 10. Bg3 Nxg3 11. hxg3 Qd6 12. f4 g6 13. Bd3 Bg7 14. Rxh7 Rxh7 15. Bxg6+ Kd7 16. Bxh7 Rh8 17. Bd3 Nc7 18. Qg4 Ne8 19. O-O-O Kc7 20. Qe2 e5 21. dxe5 fxe5 22. Ba6 Ba8 23. Rxd5 Qg6 24. Rd1 Nd6 25. e4 Qxg3 26. f5 Rh2 27. Qd3 Qxd3 28. Bxd3 Rxg2 29. Nf3 c5 30. b3 Rf2 31. Ng1 Bc6 32. a4 a6 33. Kb2 b5 34. axb5 axb5 35. Nh3 Rg2 36. Bf1 Rg3 37. Rd3 Rg4 38. Be2 Rg2 39. Bf3 Rg3 40. Bh1 Rxd3 41. cxd3 Nxf5 42. exf5 Bxh1 43. Nxb5+ Kc6 44. Nc3 e4 45. Kc2 exd3+ 46. Kxd3 Bxc3 47. Kxc3 Kd6 48. Nf2 Bf3 49. Nd3 Bd5 1/2-1/2